 Dungeon Crawl Stone Soup version 0.28-b1-25-g9875b3fc8c (webtiles) character file.

Game seed: 18409779673452445231

21 tilp the Sneak (level 2, 0/27 HPs)
             Began as a Hill Orc Delver on Feb 6, 2022.
             Succumbed to an adder's poison
             ... on level 4 of the Dungeon.
             The game lasted 00:01:51 (651 turns).

tilp the Sneak (Hill Orc Delver)                     Turns: 651, Time: 00:01:52

Health: 0/27       AC:  5    Str: 14    XL:     2   Next: 87%
Magic:  2/2        EV: 10    Int: 10    God:
Gold:   7          SH:  0    Dex: 12    Spells: 1/1 levels left

rFire   . . .      SeeInvis .   a - +0 hand axe
rCold   . . .      Faith    .   (no shield)
rNeg    . . .      Spirit   .   i - +0 ring mail
rPois   .          Reflect  .   (no helmet)
rElec   .          Harm     .   (no cloak)
rCorr   .          Rampage  .   (no gloves)
Will    .....                   (no boots)
Stlth   ++........              (no amulet)
HPRegen 0.09/turn               (no ring)
MPRegen 0.08/turn               (no ring)

@: lethally poisoned (0 -> -3)
A: no striking features
a: no special abilities


You were on level 4 of the Dungeon.
You visited 1 branch of the dungeon, and saw 2 of its levels.

You collected 7 gold pieces.

Inventory:

Hand Weapons
 a - a +0 hand axe (weapon)
Missiles
 b - 16 stones (quivered)
Armour
 i - a +0 ring mail (worn)
Wands
 g - a wand of digging (3)
Scrolls
 c - a scroll of fog
 d - a scroll of enchant weapon {unknown}
 h - a scroll of identify {unknown}
Potions
 f - 2 potions of haste


   Skills:
 - Level 4.0 Fighting
 * Level 4.1 Axes
 - Level 1.5 Dodging
 - Level 4.1 Stealth


You had one spell level left.
You didn't know any spells.
Your spell library was empty.

Dungeon Overview and Level Annotations

Branches:
Dungeon (5/15)
 Temple: D:4-7

Altars:
Trog

Annotations:
D:4 1 transporter


Message History

The adder poisons you! The adder bites you but does no damage.
You hit the adder.
The adder is almost dead.
You feel sick. The adder closely misses you.
You barely miss the adder.
The adder is almost dead.
You feel sick. The adder bites you but does no damage.
The adder closely misses you.
You closely miss the adder.
The adder is almost dead.
You feel sick. The adder bites you.
You are more poisoned.
The adder poisons you!
You barely miss the adder.
The adder is almost dead.
You feel sick. The adder bites you.
* * * LOW HITPOINT WARNING * * *
Unknown command.
You barely miss the adder.
The adder is almost dead.
* * * LOW HITPOINT WARNING * * *
You feel sick. The adder bites you.
* * * LOW HITPOINT WARNING * * *
A giant cockroach comes into view.
The adder bites you but does no damage.
Unknown command.
Okay, then.
You hit the adder.
You kill the adder!
* * * LOW HITPOINT WARNING * * *
You feel sick.
Training target 4.0 for Fighting reached!
Your Fighting skill increases to level 4!
Your Axes skill increases to level 4!
Unknown command.
* * * LOW HITPOINT WARNING * * *
You feel sick.
You see here an adder corpse.
Unknown command.
You die...

......# ......#
....... ......#
##....... #
#..B....#
#.#####.......#
.......@...#
#._....†...#
#........###
##...)...#
.........#
.........#
.........#
............#
#.............


You could see a giant cockroach.

Vanquished Creatures
  An adder (D:4)
  An adder skeleton (D:4)
  A worm (D:4)
  3 jackals (D:4)
  A goblin (D:4)
7 creatures vanquished.

Notes
Turn   | Place    | Note
-------+----------+-------------------------------------------
     0 | D:5      | tilp the Hill Orc Delver began the quest for the Orb.
     0 | D:5      | Reached XP level 1. HP: 19/19 MP: 1/1
   408 | D:4      | Found a transporter.
   437 | D:4      | Reached XP level 2. HP: 13/27 MP: 2/2
   638 | D:4      | Found a bloodstained altar of Trog.
   650 | D:4      | HP: 1/27 [poisoned by an adder]
   651 | D:4      | Succumbed to an adder's poison

Illustrated notes

Levels and vault maps discovered:
D:4:      layout_basic, bloody_trog, gammafunk_ghost_abyssal_escape,
          eino_small_chamber_without_monster, minmay_bisected
D:5:      layout_cave_pools, minmay_between, uniq_ijyb

Skill      XL: |  1  2 |
---------------+-------+-----
Axes           | 3 4 |  4.1
Fighting       | 4 |  4.0
Dodging        | |  1.5
Stealth        | |  4.1

Action                   || total
-------------------------++-------
Melee: Hand axe          ||    42
  Use: Scroll            ||     2
 Stab: Sleeping          ||     1
Armor: Ring mail         ||    10
       Leather armour    ||     2
Dodge: Dodged            ||    26
